 Dungeon Crawl Stone Soup version 0.29.1-2-gbd0b4ee654 (webtiles) character file.

Game seed: 6438833708887164404

2469 Earthwalker the Blocker (level 9, -1/82 HPs)
             Began as a Minotaur Fighter on Oct 24, 2022.
             Was a Believer of Okawaru.
             Slain by an ogre
             ... wielding a +0 giant club
              (17 damage)
             ... on level 6 of the Dungeon.
             The game lasted 00:16:14 (8439 turns).

Earthwalker the Blocker (Minotaur Fighter)          Turns: 8439, Time: 00:16:15

Health: -1/82      AC:  8    Str: 25    XL:     9   Next: 26%
Magic:  8/8        EV:  9    Int:  5    God:    Okawaru [**....]
Gold:   340        SH:  5    Dex: 10    Spells: 8/8 levels left

rFire   . . .      SeeInvis .   a - +0 war axe
rCold   . . .      Faith    .   c - +0 buckler
rNeg    . . .      Spirit   .   b - +0 scale mail
rPois   .          Reflect  .   (helmet restricted)
rElec   .          Harm     .   (no cloak)
rCorr   .          Rampage  .   (no gloves)
Will    .....                   (no boots)
Stlth   ..........              (no amulet)
HPRegen 0.23/turn               (no ring)
MPRegen 0.11/turn               (no ring)

@: no status effects
A: horns 2, retaliatory headbutt
a: Renounce Religion, Heroism


You were on level 6 of the Dungeon.
You worshipped Okawaru.
Okawaru was pleased with you.
You visited 2 branches of the dungeon, and saw 7 of its levels.
You also visited: Sewer.

You collected 340 gold pieces.

Inventory:

Hand Weapons
 a - a +0 war axe (weapon)
 s - the +10 dire flail of Might {vorpal, Str+5}
   (You found it in a sewer)

   It inflicts extra damage upon your enemies.
   Str:       It affects your strength (+5).
Missiles
 w - 3 boomerangs (quivered)
 y - 4 poisoned darts
 F - a throwing net
Armour
 b - a +0 scale mail (worn)
 c - a +0 buckler (worn)
 z - a +0 plate armour
Jewellery
 k - an amulet of magic regeneration
 E - an amulet of the acrobat
Wands
 r - a wand of charming (6)
 t - a wand of polymorph (5)
 G - a wand of quicksilver (5)
Scrolls
 e - a scroll of enchant armour {unknown}
 f - 2 scrolls of silence {unknown}
 g - 5 scrolls of identify {unknown}
 j - a scroll of magic mapping {unknown}
 l - 4 scrolls of amnesia {unknown}
 n - 2 scrolls of teleportation {unknown}
 o - a scroll of enchant weapon {unknown}
 q - 2 scrolls of blinking
 v - 2 scrolls of vulnerability {unknown}
 B - a scroll of immolation {unknown}
 C - a scroll of fog {unknown}
 D - a scroll of summoning {unknown}
 J - 2 scrolls of brand weapon {unknown}
Potions
 d - 3 potions of might
 h - 2 potions of flight {unknown}
 i - a potion of curing {unknown}
 m - a potion of degeneration {unknown}
 p - a potion of berserk rage {unknown}
 u - a potion of invisibility {unknown}
 x - 2 potions of haste {unknown}
 A - a potion of resistance
 H - a potion of lignification {unknown}
 I - a potion of mutation {unknown}


   Skills:
 + Level 8.3 Fighting
 + Level 7.8 Axes
 + Level 8.4 Armour
 + Level 8.4 Shields


You had 8 spell levels left.
You didn't know any spells.
Your spell library contained the following spells:

 Spells                   Type           Power      Damage    Failure   Level
 Beastly Appendage        Tmut           0%         N/A       80%         1
 Ensorcelled Hibernation  Hex/Ice        0%         N/A       91%         2
 Passwall                 Tmut/Erth      0%         N/A       91%         2
 Sublimation of Blood     Necr           0%         N/A       91%         2
 Wereblood                Tmut           0%         N/A       91%         2
 Ozocubu's Armour         Ice            0%         N/A       99%         3
 Spider Form              Tmut/Pois      0%         N/A       99%         3
 Swiftness                Air            0%         N/A       99%         3
 Ozocubu's Refrigeration  Ice            0%         4d7       100%        7
 Summon Hydra             Summ           Unusable   N/A       N/A         7

Dungeon Overview and Level Annotations

Branches:
Dungeon (6/15)             Temple (1/1) D:4           Sewer (visited)

Altars:
Ashenzari
Dithmenos
Elyvilon
Fedhas
Gozag
Hepliaklqana
Kikubaaqudgha
Nemelex Xobeh
Okawaru
Qazlal
Ru
Sif Muna
Trog
Uskayaw
Vehumet
Yredelemnul
Zin
The Shining One

Shops:
D:6 !


Innate Abilities, Weirdness & Mutations

You have a pair of horns on your head.
You reflexively headbutt those who attack you in melee.


Message History

You feel sick.
You feel sick.
You slash the necrophage! You headbutt the necrophage.
The necrophage is heavily damaged.
You feel sick.
The necrophage hits you but does no damage.
You slash the necrophage!
The necrophage is almost destroyed.
You feel sick.
You are no longer poisoned.
You block the necrophage's attack.
You barely miss the necrophage.
The necrophage is almost destroyed.
The necrophage hits you but does no damage.
You barely miss the necrophage. Your headbutt misses the necrophage.
The necrophage is almost destroyed.
The necrophage hits you but does no damage.
A white imp comes into view.
The white imp shouts, "Submit, thou venomed spleeny bull-brain!"
The white imp misses you. The necrophage barely misses you.
You hear a shout!
You hear an angry hiss.
You slash the necrophage!
You destroy the necrophage!
Okawaru accepts your kill.
You hit the white imp.
You hear an angry hiss.
You slash the white imp!
You kill the white imp!
Okawaru accepts your kill.
Found a +0 dagger.
You see here an iguana corpse.
A wight comes into view. It is wielding a +0 hand axe.
You now have 340 gold pieces (gained 8).
An ogre comes into view. It is wielding a +0 giant club.
The ogre shouts!
The ogre hits you with a +0 giant club!
* * * LOW HITPOINT WARNING * * *
A phantom comes into view.
The ogre attacks as you move away! The ogre hits you with a +0 giant club!
You die...

..## ##### ### ...# #..≈.
.. #.. ###..≈. .. #..
...≈≈≈ ###z #.##### #..≈.
...####.' #.##..###..≈.
.......W## ##.##...##..≈≈
#.#####†z#####.....#...#...
#........O@)....##.#####...
########.#########.# #...
#... ..# #... ####.# .##
##... ~~.........# #..##
.~~........# #..#.
o.J........# #..#.
..Y........# #.###
5.YOg.....(# #..#.


You could see an ogre, a phantom (wandering) and a wight.

Vanquished Creatures
  Edmund (D:4)
  2 black bears (D:5)
  5 ogres
  3 ice beasts
  A centaur (D:5)
  2 bullfrogs
  A kobold brigand (D:6)
  2 scorpions
  A necrophage (D:6)
  4 wights
  A jelly (D:4)
  A howler monkey (D:6)
  4 hounds
  3 orc priests (D:6)
  3 iguanas (D:6)
  3 orc wizards (D:6)
  5 gnolls
  15 adders
  A shadow imp (D:6)
  4 white imps
  5 ufetubi
  4 worms
  3 dart slugs
  6 orcs
  12 ball pythons
  5 bats
  16 endoplasms
  13 giant cockroaches
  6 goblins
  4 hobgoblins
  3 jackals (D:4)
  7 kobolds
  6 quokkas
  20 frilled lizards
  6 rats
178 creatures vanquished.

Vanquished Creatures (others)
  A scorpion (D:6)
  An iguana (D:6)
  6 fungi (D:5)
8 creatures vanquished.

Grand Total: 186 creatures vanquished

Notes
Turn   | Place    | Note
-------+----------+-------------------------------------------
     0 | D:1      | Earthwalker the Minotaur Fighter began the quest for the
                  | Orb.
     0 | D:1      | Reached XP level 1. HP: 19/19 MP: 0/0
    79 | D:1      | Found a faded altar of an unknown god.
    88 | D:1      | Reached XP level 2. HP: 22/27 MP: 1/1
   932 | D:1      | Reached XP level 3. HP: 33/33 MP: 2/2
  1997 | D:3      | Found a glowing drain.
  2010 | Sewer    | Entered a sewer
  2092 | Sewer    | Reached XP level 4. HP: 29/40 MP: 3/3
  2716 | Sewer    | Reached XP level 5. HP: 33/47 MP: 4/4
  2948 | Sewer    | Reached skill level 5 in Fighting
  2948 | Sewer    | Reached skill level 5 in Armour
  2948 | Sewer    | Reached skill level 5 in Shields
  2964 | Sewer    | Identified the +10 dire flail of Might {vorpal, Str+5}
  3203 | D:3      | Reached XP level 6. HP: 55/56 MP: 5/5
  3875 | D:4      | Found a staircase to the Ecumenical Temple.
  3884 | Temple   | Entered the Ecumenical Temple
  4048 | Temple   | Became a worshipper of Warmaster Okawaru
  4683 | D:4      | Noticed Edmund
  4696 | D:4      | Killed Edmund
  4697 | D:4      | Reached skill level 5 in Axes
  4697 | D:4      | Reached XP level 7. HP: 30/62 MP: 6/6
  4981 | D:5      | Entered Level 5 of the Dungeon
  5140 | D:5      | Reached * piety under Okawaru
  5344 | D:5      | Found a sparkling altar of Nemelex Xobeh.
  5914 | D:5      | Reached XP level 8. HP: 52/71 MP: 7/7
  6447 | D:6      | Found Ukulif's Distillery.
  6494 | D:6      | Reached ** piety under Okawaru
  7233 | D:6      | Found a white marble altar of Elyvilon.
  7797 | D:6      | Reached XP level 9. HP: 76/81 MP: 8/8
  7802 | D:6      | Found a hazy altar of Hepliaklqana.
  8367 | D:6      | Found a sacrificial altar of Ru.
  8439 | D:6      | Slain by an ogre

Illustrated notes

Levels and vault maps discovered:
D:1:      elethiomel_arrival_infinity_welcomes_careful_drivers,
          layout_loops_ring, hellmonk_ecumenical_altar_run_dry,
          serial_co_window_serial, co_window_corner_a, co_window_paths_a,
          co_window_paths_a, co_window_of_opportunity_a, co_window_paths_b,
          co_window_corner_b, co_window_unsneaky_path_b, co_window_broadway_c,
          glass_columns_a
D:2:      layout_basic
D:3:      layout_rooms, cheibrodos_sewer_entry_bend, glass_columns_a
D:4:      layout_gridville, minmay_temple_entry_wispy,
          hangedman_abyss_or_decor_slice, uniq_edmund
D:5:      layout_loops_corners, nemelex_dance_club_becter, serial_aquarium,
          aquarium_bridge_straight [aquarium_subvault_bridge,
          aquarium_subvault_wall, aquarium_subvault_bridge,
          aquarium_subvault_wall], aquarium_window_1,
          aquarium_window_corridor_1, aquarium_window_fake, aquarium_window_1,
          aquarium_view_2a, aquarium_view_2b, kennysheep_small_spiral
D:6:      layout_rooms, xom_confusion_cloud, mainiacjoe_overflow_chevrons,
          hangedman_ru_absence, mainiacjoe_overflow_24_doors, serial_shops,
          shop, hangedman_decor_push, minmay_joined_circles
Temple:   eino_narrow_crystal_temple

Skill      XL: |  1  2  3  4  5  6  7  8  9 |
---------------+----------------------------+-----
Fighting       | 4 5 6 7 8 |  8.3
Armour         | 4 5 6 7 8 |  8.4
Shields        | 4 5 6 8 |  8.4
Axes           | 3 4 5 6 7 |  7.8

Action                   |  1- 3 |  4- 6 |  7- 9 || total
-------------------------+-------+-------+-------++-------
Melee: War axe           |    85 |   173 |   176 ||   434
       Headbutt          |     6 |    30 |    33 ||    69
Throw: Boomerang         |       |    17 |    39 ||    56
 Stab: Distracted        |       |       |     1 ||     1
Armor: Scale mail        |    31 |    79 |    62 ||   172
Dodge: Dodged            |    31 |    86 |    76 ||   193
Block: Buckler           |    20 |    42 |    33 ||    95
